 Dungeon Crawl Stone Soup version 0.21.1-68-g103a7afc0a (webtiles) character file.

93940 Jorund the Eclecticist (level 16, -13/103 HPs)
             Began as an Octopode Wizard on Aug 1, 2018.
             Was a High Priest of Vehumet.
             Mangled by a red ugly thing (22 damage)
             ... on level 14 of the Dungeon on Aug 2, 2018.
             The game lasted 02:30:14 (29253 turns).

Jorund the Eclecticist (Octopode Wizard)           Turns: 29253, Time: 02:30:14

Health: -13/103    AC:  5    Str: 10    XL:     16   Next: 10%
Magic:  21/35      EV: 15    Int: 26    God:    Vehumet [*****.]
Gold:   1870       SH:  0    Dex: 16    Spells: 19/46 levels left

rFire    . . .     SeeInvis .   y - +4 dagger (venom)
rCold    . . .     Gourm    .   (no shield)
rNeg     . . .     Faith    .   a - +2 hat
rPois    .         Spirit   .   P - amulet of regeneration
rElec    .         Reflect  .   i - +2 ring of strength
rCorr    +         Harm     .   N - ring of wizardry
MR       +....     Clarity  +   O - +6 ring of dexterity
Stlth    +++++.....             U - ring of resist corrosion
HPRegen  0.67/turn              (no ring)
MPRegen  0.24/turn              (no ring)
                                (no ring)
                                (no ring)

@: no status effects
A: almost no armour, stealthy swim, amphibious, 8 rings, constrict 8, antennae
1, molten scales 1, camouflage 1, blurry vision 1, clarity, gelatinous body 1
a: Renounce Religion


You were on level 14 of the Dungeon.
You worshipped Vehumet.
Vehumet was extremely pleased with you.
You were very hungry.

You visited 4 branches of the dungeon, and saw 23 of its levels.
You also visited: Ice Cave and Volcano.

You collected 1870 gold pieces.

Inventory:

Hand Weapons
 d - a +0 demon trident of freezing
 j - a +1 executioner's axe of freezing
 m - a +0 blowgun
 y - a +4 dagger of venom (weapon)
 E - a +1 whip of electrocution
Missiles
 n - 28 poisoned needles
 D - 2 throwing nets (quivered)
 H - 8 needles of frenzy
 L - 10 curare-tipped needles
Armour
 a - a +2 hat (worn)
Magical Staves
 A - an uncursed staff of wizardry
Jewellery
 i - a +2 ring of strength (left tentacle)
 N - a ring of wizardry (right tentacle)
 O - a +6 ring of dexterity (on tentacle)
 P - an amulet of regeneration (around mantle)
 U - a ring of resist corrosion (on tentacle)
Wands
 s - a wand of iceblast (22)
 w - a wand of flame (50)
 z - a wand of scattershot (4)
 C - a wand of enslavement (9)
 K - a wand of random effects (85)
Scrolls
 l - 3 scrolls of magic mapping
 o - 3 scrolls of enchant armour
 p - 4 scrolls of amnesia
 v - 2 scrolls of teleportation
 I - 4 scrolls of enchant weapon
 Q - 2 scrolls of remove curse
 S - a scroll of silence
Potions
 e - 3 potions of might
 f - a potion of curing
 h - 3 potions of magic
 k - a potion of brilliance
 q - a potion of berserk rage
 r - a potion of ambrosia
 t - a potion of flight
 u - 2 potions of haste
 F - 2 potions of cancellation
Books
 b - a book of Minor Magic

   Spells                             Type                      Level
   a - Magic Dart                     Conjuration                  1
   b - Blink                          Translocation                2
   c - Call Imp                       Summoning                    2
   d - Slow                           Hexes                        2
   e - Conjure Flame                  Conjuration/Fire             3
   f - Mephitic Cloud                 Conjuration/Poison/Air       3
 g - a book of Changes

   Spells                             Type                      Level
   a - Beastly Appendage              Transmutation                1
   b - Sticks to Snakes               Transmutation                2
   c - Spider Form                    Transmutation/Poison         3
   d - Ice Form                       Ice/Transmutation            4
   e - Blade Hands                    Transmutation                5
 x - a book of Misfortune

   Spells                             Type                      Level
   a - Confusing Touch                Hexes                        1
   b - Confuse                        Hexes                        3
   c - Gell's Gravitas                Translocation                3
   d - Petrify                        Transmutation/Earth          4
   e - Metabolic Englaciation         Hexes/Ice                    5
   f - Yara's Violent Unravelling     Hexes/Transmutation          5
 B - a book of Maledictions

   Spells                             Type                      Level
   a - Corona                         Hexes                        1
   b - Ensorcelled Hibernation        Hexes/Ice                    2
   c - Confuse                        Hexes                        3
   d - Tukima's Dance                 Hexes                        3
   e - Dazzling Spray                 Conjuration/Hexes            3
Miscellaneous
 G - a phial of floods
 J - a lightning rod (4/4)
Comestibles
 c - 28 rations


   Skills:
 - Level 7.1 Fighting
 + Level 6.0 Short Blades
 - Level 4.0 Dodging
 - Level 10.0 Stealth
 + Level 15.8 Spellcasting
 * Level 14.4 Conjurations
 - Level 5.0 Hexes
   Level 1.0 Summonings
 - Level 1.0 Translocations
 - Level 4.0 Fire Magic
 - Level 4.0 Earth Magic
 - Level 0.1 Evocations


You had 19 spell levels left.
You knew the following spells:

 Your Spells              Type           Power        Failure   Level  Hunger
a - Magic Dart            Conj           ####         0%          1    None
b - Blink                 Tloc           N/A          1%          2    None
c - Conjure Flame         Conj/Fire      ######..     1%          3    None
d - Mephitic Cloud        Conj/Pois/Air  #####...     1%          3    None
e - Confuse               Hex            #####...     1%          3    None
f - Tukima's Dance        Hex            #####...     1%          3    None
g - Inner Flame           Hex/Fire       #####...     1%          3    None
h - Bolt of Magma         Conj/Fire/Erth ######....   1%          5    None
i - Fulminant Prism       Conj/Hex       ######....   1%          4    None


Dungeon Overview and Level Annotations

Branches:
Dungeon (14/15)            Temple (1/1) D:6            Lair (6/6) D:10
  Swamp (0/4) Lair:4       Spider (0/4) Lair:4        Slime (0/5) Lair:5
    Orc (2/2) D:11            Elf (0/3) Orc:2
 Vaults: D:13-14

Altars:
Ashenzari
Cheibriados
Dithmenos
Elyvilon
Fedhas
Gozag
Hepliaklqana
Kikubaaqudgha
Makhleb
Nemelex Xobeh
Okawaru
Qazlal
Ru
Sif Muna
Trog
Uskayaw
Vehumet
Wu Jian
Xom
Yredelemnul
Zin
The Shining One

Shops:
D:7 *   D:10 %

Annotations:
D:13 exclusions: eye of draining and 3 more exclusions
Lair:1 exclusion: hydra
Lair:3 1 exclusion
Lair:4 exclusion: oklob plant
Lair:5 exclusion: downstairs
Lair:6 exclusions: door and 1 more exclusion
Orc:2 Saint Roka


Innate Abilities, Weirdness & Mutations

You cannot wear most types of armour.
You are very stealthy in the water. (Stealth+)
You are amphibious.
You can wear up to eight rings at the same time.
You can use your tentacles to constrict eight enemies at once.
Your skin changes colour to match your surroundings (Stealth+).
Your rubbery body absorbs attacks. (AC +1, EV +1)
You have a pair of small antennae on your head.
You are partially covered in molten scales. (AC +2)
Scrolls take you a little longer to read.
You possess an exceptional clarity of mind.


Message History

Casting: Bolt of Magma
Confirm with . or Enter, or press ? or * to list all spells.
Aiming: Bolt of Magma
Press: ? - help, Shift-Dir - straight line, f/p - red ugly thing
Aim: a red ugly thing (flame, moderately wounded)
The bolt of magma hits the red ugly thing.
The red ugly thing partially resists.
The red ugly thing is severely wounded.
The red ugly thing is engulfed in blazing flames.
The red ugly thing tentacle-slaps you.
You are engulfed in flames!!
* * * LOW HITPOINT WARNING * * *
Unknown command.
The red ugly thing is engulfed in blazing flames.
Found a flail and a scroll of remove curse.
Casting: Bolt of Magma
Confirm with . or Enter, or press ? or * to list all spells.
You blink.
The red ugly thing tentacle-slaps you!
* * * LOW HITPOINT WARNING * * *
You are engulfed in flames!!
You die...

######+#####
...........#
......>....###
...........§.#
?..........#
)...(......#
......<§u@.#
.........<.#
###+########


You could see a red ugly thing.

Vanquished Creatures
  Nessos (Lair:5)
  An entropy weaver (D:13)
  An ettin (Orc:1)
  Harold (Lair:3)
  3 hydras
  The ghost of Supaplex the Blocker, a journeyman MiFi of Okawaru (D:11)
  6 two-headed ogres
  An orc high priest (Orc:2)
  12 death yaks (Lair:5)
  Urug (Lair:5)
  A queen ant (D:13)
  A fire crab (Lair:6)
  A wizard (Lair:6)
  An unseen horror (D:12)
  3 orc knights (Orc:2)
  2 ugly things
  Pikel (D:6)
  A deep elf mage (D:13)
  2 orc sorcerers (Orc:2)
  2 manticores
  2 cyclopes
  3 black mambas
  8 elephants
  Maurice (Orc:2)
  2 ice statues (IceCv)
  A centaur zombie (D:13)
  A torpor snail (Lair:5)
  8 komodo dragons
  17 spiny frogs
  9 rime drakes
  10 ice devils
  2 polar bears
  A hornet (D:10)
  A troll (D:11)
  8 blink frogs
  3 dream sheep (Lair:5)
  Prince Ribbit (D:9)
  8 hippogriffs
  A spriggan (Lair:6)
  A shadow (D:11)
  A redback (Lair:4)
  2 wyverns
  31 yaks
  2 basilisks
  2 fire elementals (Volcano)
  3 hungry ghosts
  6 wargs
  An acid dragon (D:12)
  17 soldier ants (D:13)
  8 porcupines
  11 water moccasins
  16 orc warriors
  5 black bears
  3 ice beasts
  2 sky beasts
  5 phantoms
  2 ogres
  23 wolves
  2 necrophages
  4 centaurs
  15 crocodiles
  2 big kobolds (D:8)
  A gnoll sergeant (D:9)
  12 bullfrogs
  A wyvern zombie (D:11)
  A scorpion (D:5)
  A wyvern skeleton (D:11)
  A water moccasin skeleton (D:9)
  4 killer bees (D:10)
  A howler monkey (D:7)
  19 jellies
  A quasit (D:13)
  4 crimson imps
  7 hounds
  5 orc priests
  A bullfrog skeleton (D:8)
  3 centaur skeletons
  4 iguanas
  16 orc wizards
  27 worker ants
  A worker ant zombie (D:9)
  3 gnolls (D:9)
  2 howler monkey skeletons
  12 adders
  A shadow imp (D:13)
  9 white imps (IceCv)
  5 ufetubi (IceCv)
  2 oozes
  2 adder skeletons
  7 worms
  A dart slug (D:1)
  6 leopard geckos
  56 orcs
  6 giant cockroaches
  10 goblins
  5 hobgoblins
  6 jackals
  15 kobolds
  3 quokkas
  8 bats
  2 frilled lizards
  A giant cockroach zombie (D:5)
  A jackal skeleton (D:6)
  10 rats
  A fungus (Lair:2)
  2 plants
580 creatures vanquished.

Vanquished Creatures (collateral kills)
  2 soldier ants (D:13)
  A worker ant (D:13)
3 creatures vanquished.

Vanquished Creatures (others)
  A reaper (IceCv)
  2 soldier ants (D:13)
  5 white imps (IceCv)
  2 ufetubi (IceCv)
  4 bushes
  11 fulminant prisms (IceCv)
  26 fungi
  21 plants
72 creatures vanquished.

Grand Total: 655 creatures vanquished

Notes
Turn   | Place    | Note
-------+----------+-------------------------------------------
     0 | D:1      | Jorund the Octopode Wizard began the quest for the Orb.
     0 | D:1      | Reached XP level 1. HP: 11/11 MP: 4/4
   390 | D:1      | Reached XP level 2. HP: 17/17 MP: 3/6
   871 | D:1      | Reached XP level 3. HP: 17/21 MP: 0/8
  1215 | D:2      | Found a sparkling altar of Nemelex Xobeh.
  1339 | D:2      | Reached skill level 4 in Spellcasting
  1635 | D:3      | Learned a level 2 spell: Blink
  1639 | D:3      | Learned a level 3 spell: Conjure Flame
  1643 | D:3      | Learned a level 3 spell: Mephitic Cloud
  1648 | D:3      | Found a sacrificial altar of Ru.
  1694 | D:3      | Reached XP level 4. HP: 24/27 MP: 3/10
  1764 | D:3      | Found a faded altar of an unknown god.
  2396 | D:3      | Reached XP level 5. HP: 16/31 MP: 2/11
  2716 | D:4      | Noticed a phantom
  3464 | D:4      | Killed a phantom
  3464 | D:4      | Reached XP level 6. HP: 28/36 MP: 0/13
  3710 | D:4      | Found a shimmering altar of Xom.
  3880 | D:4      | Reached skill level 1 in Short Blades
  3925 | D:4      | Reached skill level 5 in Spellcasting
  4186 | D:5      | Entered Level 5 of the Dungeon
  4301 | D:5      | Noticed a phantom
  4368 | D:5      | Killed a phantom
  4368 | D:5      | Reached skill level 5 in Conjurations
  4368 | D:5      | Reached XP level 7. HP: 32/41 MP: 0/14
  4994 | D:5      | Reached XP level 8. HP: 46/46 MP: 12/16
  5164 | D:5      | Reached skill level 6 in Spellcasting
  5296 | D:6      | Noticed a moth of wrath
  5416 | D:6      | Found a sparkling altar of Nemelex Xobeh.
  5519 | D:6      | Noticed Pikel
  5790 | D:6      | Killed Pikel
  5790 | D:6      | Reached skill level 7 in Spellcasting
  5790 | D:6      | Reached XP level 9. HP: 14/51 MP: 9/20
  6050 | D:6      | Found a staircase to the Ecumenical Temple.
  6071 | Temple   | Entered the Ecumenical Temple
  6223 | D:6      | Found a bloodstained altar of Trog.
  6275 | D:7      | Found Xexyev's General Store.
  6747 | D:7      | Found a glowing golden altar of the Shining One.
  6858 | D:7      | Found a white marble altar of Elyvilon.
  6960 | D:7      | Found a shimmering altar of Xom.
  7325 | D:8      | Reached skill level 8 in Spellcasting
  7393 | D:8      | Found a glowing silver altar of Zin.
  7393 | D:8      | Found a snail-covered altar of Cheibriados.
  7953 | D:8      | Found a blossoming altar of Fedhas.
  8375 | D:9      | Found a radiant altar of Vehumet.
  8396 | D:9      | Became a worshipper of Vehumet
  8505 | D:9      | Reached skill level 9 in Spellcasting
  8639 | D:9      | Reached XP level 10. HP: 44/56 MP: 9/23
  8791 | D:9      | Found a stormy altar of Qazlal.
  8809 | D:9      | Noticed a two-headed ogre
  8860 | D:9      | Killed a two-headed ogre
  9248 | D:9      | Noticed Prince Ribbit
  9258 | D:9      | Killed Prince Ribbit
  9351 | D:9      | Reached * piety under Vehumet
  9351 | D:9      | Offered knowledge of Shock by Vehumet.
  9700 | D:9      | Reached skill level 10 in Spellcasting
  9758 | D:10     | Entered Level 10 of the Dungeon
  9762 | D:10     | Reached skill level 10 in Conjurations
  9802 | D:10     | Found Sufuut's Food Shoppe.
  9964 | D:10     | Found a staircase to the Lair.
 10028 | D:10     | Reached skill level 5 in Short Blades
 10546 | D:11     | Learned a level 3 spell: Confuse
 10771 | D:11     | Found a staircase to the Orcish Mines.
 10822 | D:11     | Noticed Supaplex's ghost (journeyman MiFi)
 10864 | D:11     | Learned a level 3 spell: Tukima's Dance
 10887 | D:11     | Reached XP level 11. HP: 61/61 MP: 12/25
 11179 | Lair:1   | Entered Level 1 of the Lair of Beasts
 11514 | Lair:1   | Noticed a six-headed hydra
 11549 | Lair:1   | Reached skill level 11 in Spellcasting
 11549 | Lair:1   | Reached skill level 1 in Hexes
 12049 | Lair:1   | Reached ** piety under Vehumet
 12049 | Lair:1   | Offered knowledge of Sting by Vehumet.
 13678 | Lair:2   | Reached skill level 5 in Stealth
 14282 | Lair:2   | Reached skill level 12 in Spellcasting
 14564 | Lair:3   | Reached XP level 12. HP: 51/66 MP: 25/28
 14709 | Lair:3   | Noticed a six-headed hydra
 14722 | Lair:3   | Noticed Harold
 14917 | Lair:3   | Found a dark tunnel.
 14923 | Volcano  | Entered a volcano
 15112 | Lair:3   | Killed a six-headed hydra
 15121 | Lair:3   | Killed Harold
 15323 | Lair:3   | Offered knowledge of Static Discharge by Vehumet.
 16308 | Lair:4   | Reached *** piety under Vehumet
 16327 | Lair:4   | Found a staircase to the Swamp.
 16442 | Lair:4   | Found a hole to the Spider Nest.
 17255 | Lair:4   | Reached skill level 5 in Hexes
 17255 | Lair:4   | Offered knowledge of Inner Flame by Vehumet.
 17274 | Lair:4   | Learned a level 3 spell: Inner Flame
 17661 | Lair:5   | Noticed Nessos
 17673 | Lair:5   | Noticed Urug
 17849 | Lair:5   | Reached skill level 1 in Fighting
 18180 | Lair:5   | Found a staircase to the Slime Pits.
 18180 | Lair:5   | Noticed a death yak
 18180 | Lair:5   | Noticed a death yak
 18180 | Lair:5   | Noticed a death yak
 18181 | Lair:5   | Noticed a death yak
 18182 | Lair:5   | Noticed a death yak
 18429 | D:11     | Reached skill level 13 in Spellcasting
 18569 | D:11     | Noticed a two-headed ogre
 18584 | D:11     | Killed a two-headed ogre
 18584 | D:11     | Reached XP level 13. HP: 74/74 MP: 13/30
 18703 | D:11     | Killed Supaplex's ghost
 19065 | D:12     | Found a glowing golden altar of the Shining One.
 19397 | D:12     | Reached **** piety under Vehumet
 19833 | Lair:6   | Entered Level 6 of the Lair of Beasts
 19887 | Lair:5   | Killed Nessos
 19997 | Lair:5   | Offered knowledge of Bolt of Magma by Vehumet.
 20093 | Lair:5   | Learned a level 5 spell: Bolt of Magma
 21135 | Lair:5   | Reached skill level 1 in Fire Magic
 21135 | Lair:5   | Reached skill level 1 in Earth Magic
 21380 | Lair:5   | Killed Urug
 21380 | Lair:5   | Reached skill level 14 in Spellcasting
 22381 | Lair:5   | Reached XP level 14. HP: 72/83 MP: 19/32
 23640 | Lair:5   | Reached ***** piety under Vehumet
 23756 | Lair:6   | Offered knowledge of Ozocubu's Refrigeration by Vehumet.
 23847 | Lair:6   | Gained mutation: You are frail. (-10% HP) [potion of mutation]
 23847 | Lair:6   | Gained mutation: You can translocate small distances at will. [potion of mutation]
 23848 | Lair:6   | Lost mutation: You can translocate small distances at will. [potion of mutation]
 23848 | Lair:6   | Lost mutation: You are frail. (-10% HP) [potion of mutation]
 23848 | Lair:6   | Gained mutation: Your magical capacity is low. (-10% MP) [potion of mutation]
 23848 | Lair:6   | Gained mutation: You evolve. [potion of mutation]
 23848 | Lair:6   | Gained mutation: You are partially covered in slimy green scales. (AC +2) [potion of mutation]
 23849 | Lair:6   | Lost mutation: You evolve. [potion of mutation]
 23849 | Lair:6   | Lost mutation: Your magical capacity is low. (-10% MP) [potion of mutation]
 23849 | Lair:6   | Gained mutation: You are frail. (-10% HP) [potion of mutation]
 23849 | Lair:6   | Gained mutation: You have a pair of small antennae on your head. [potion of mutation]
 23850 | Lair:6   | Lost mutation: You are partially covered in slimy green scales. (AC +2) [potion of mutation]
 23850 | Lair:6   | Lost mutation: You are frail. (-10% HP) [potion of mutation]
 23850 | Lair:6   | Gained mutation: Scrolls take you a little longer to read. [potion of mutation]
 23850 | Lair:6   | Gained mutation: You possess an exceptional clarity of mind. [potion of mutation]
 23850 | Lair:6   | Gained mutation: You are partially covered in molten scales. (AC +2) [potion of mutation]
 23961 | Lair:6   | Reached skill level 15 in Spellcasting
 25172 | D:13     | Reached XP level 15. HP: 97/97 MP: 34/34
 26343 | D:13     | Reached skill level 10 in Stealth
 26449 | Orc:1    | Entered Level 1 of the Orcish Mines
 26549 | Orc:2    | Entered Level 2 of the Orcish Mines
 26564 | Orc:2    | Found a staircase to the Elven Halls.
 26736 | Orc:2    | Noticed Maurice
 26738 | Orc:2    | Offered knowledge of Fulminant Prism by Vehumet.
 26759 | Orc:2    | Found a frozen archway.
 26812 | IceCv    | Entered an ice cave
 26867 | IceCv    | Learned a level 4 spell: Fulminant Prism
 27826 | Orc:2    | Killed Maurice
 27910 | Orc:2    | Noticed Saint Roka
 28304 | Orc:2    | Reached XP level 16. HP: 103/103 MP: 4/35
 29253 | D:14     | Mangled by a red ugly thing

Skill      XL: |  1  2  3  4  5  6  7  8  9 10 11 12 13 14 15 |
---------------+----------------------------------------------+-----
Conjurations   | 2 3 4 5 6 7 9 10 11 12 13 14 | 14.4
Spellcasting   | 4 5 7 9 10 12 13 14 15 | 15.8
Short Blades   | 1 2 3 4 5 6 |  6.0
Hexes          | 2 5 |  5.0
Stealth        | 5 8 9 10 | 10.0
Fighting       | 2 3 7 |  7.1
Dodging        | 3 4 |  4.0
Fire Magic     | 3 4 |  4.0
Earth Magic    | 3 4 |  4.0
Summonings     | |  1.0
Translocations | |  1.0
Evocations     | |  0.1

Action                   |  1- 3 |  4- 6 |  7- 9 | 10-12 | 13-15 | 16-18 || total
-------------------------+-------+-------+-------+-------+-------+-------++-------
Melee: Unarmed           |     7 |       |       |       |       |       ||     7
       Dagger            |    32 |    46 |    83 |   161 |   364 |    12 ||   698
       Constrict         |    13 |     8 |    19 |    25 |    63 |     3 ||   131
       Tentacles         |     5 |     6 |    12 |    29 |    91 |     2 ||   145
 Fire: Blowgun           |       |    14 |    28 |   100 |   108 |     6 ||   256
 Cast: Magic Dart        |    68 |   114 |   242 |   402 |   328 |     2 ||  1156
       Conjure Flame     |       |     2 |    11 |    68 |    59 |     1 ||   141
       Mephitic Cloud    |       |     1 |    15 |    38 |    83 |     1 ||   138
       Blink             |       |       |     7 |    14 |    11 |     1 ||    33
       Confuse           |       |       |       |    70 |   133 |     2 ||   205
       Bolt of Magma     |       |       |       |       |    66 |    23 ||    89
       Fulminant Prism   |       |       |       |       |    11 |       ||    11
       Inner Flame       |       |       |       |       |     1 |       ||     1
Evoke: Wand              |       |       |     8 |    27 |    29 |       ||    64
       Phial of floods   |       |       |       |       |     1 |       ||     1
  Use: Scroll            |     8 |     1 |     4 |    13 |    16 |     1 ||    43
       Potion            |       |     2 |     4 |     3 |    14 |       ||    23
 Stab: Sleeping          |     2 |     5 |     2 |     2 |    12 |     1 ||    24
       Confused          |       |       |     1 |    16 |    39 |       ||    56
       Distracted        |       |       |     1 |       |       |       ||     1
       Paralysed         |       |       |       |     3 |       |       ||     3
  Eat: Chunk             |     2 |     5 |    10 |    18 |    13 |     1 ||    49
       Ration            |       |     1 |     1 |     4 |     5 |       ||    11
Armor: Skin              |     5 |     8 |    31 |    15 |    27 |     2 ||    88
Dodge: Dodged            |    30 |    36 |    59 |    97 |   159 |    15 ||   396
